 Dungeon Crawl Stone Soup version 0.24.0-37-gcf1ca852f1 (webtiles) character file.

Game seed: 14964616757225217387, levelgen mode: deterministic

10899 Iamsoldier the Fighter (level 11, -8/109 HPs)
             Began as a Gargoyle Fighter on Dec 5, 2019.
             Was a High Priest of Okawaru.
             Mangled by an orc knight
             ... wielding a +0 glaive
              (37 damage)
             ... in a bailey.
             The game lasted 00:27:25 (11996 turns).

Iamsoldier the Fighter (Gargoyle Fighter)          Turns: 11996, Time: 00:27:31

Health: -8/109     AC: 25    Str: 23    XL:     11   Next: 69%
Magic:  11/11      EV:  2    Int:  9    God:    Okawaru [*****.]
Gold:   570        SH: 12    Dex:  9    Spells: 10/10 levels left

rFire    . . .     SeeInvis +   j - +4 morningstar (holy)
rCold    . . .     Gourm    .   c - +0 shield
rNeg     + + +     Faith    .   (armour currently unavailable)
rPois    ∞         Spirit   .   (helmet currently unavailable)
rElec    .         Reflect  .   (cloak currently unavailable)
rCorr    .         Harm     .   (gloves currently unavailable)
MR       .....     NoTele   +   (boots currently unavailable)
Stlth    +.........             (no amulet)
HPRegen  0.28/turn              p - ring of see invisible
MPRegen  0.12/turn              m - ring of positive energy

@: tree-form
A: negative energy resistance 1, petrification resistance, rot immunity, AC +8
a: Heroism, Finesse, Renounce Religion


You were in a bailey.
You worshipped Okawaru.
Okawaru was extremely pleased with you.
You were hungry.
You were a tree.
You visited 1 branch of the dungeon, and saw 12 of its levels.
You also visited: Bailey.

You collected 570 gold pieces.

Inventory:

Hand Weapons
 a - a +0 flail
 j - a +4 morningstar of holy wrath (weapon)
 G - a +3 whip of freezing
Armour
 c - a +0 shield (worn)
 f - a +0 chain mail
 w - a +0 pair of gloves (melded)
 y - a +0 pair of boots (melded)
 A - a +1 plate armour of magic resistance (melded)
Jewellery
 b - the ring "Mojayl" {Ice MR+ Str-3 Int+7}
   (You found it on level 7 of the Dungeon)

   [ring of ice]

   It enhances your ice magic.
   It affects your strength (-3).
   It affects your intelligence (+7).
   It makes you vulnerable to fire.
   It protects you from cold.
   It affects your resistance to hostile enchantments.
 m - a ring of positive energy (right branch)
 p - a ring of see invisible (left branch)
Wands
 l - a wand of random effects (61)
 z - a wand of digging (4)
Scrolls
 e - 2 scrolls of immolation
 i - 4 scrolls of remove curse
 q - 6 scrolls of teleportation
 r - a scroll of identify
 s - 2 scrolls of amnesia
 t - a scroll of enchant weapon
 v - a scroll of blinking
Potions
 g - a potion of lignification
 h - a potion of brilliance {unknown}
 k - 7 potions of curing
 n - 2 potions of haste {unknown}
 u - 2 potions of invisibility {unknown}
 x - 3 potions of berserk rage
 B - a potion of resistance
 C - a potion of cancellation {unknown}
 F - a potion of flight {unknown}
 H - a potion of magic
 J - a potion of might
Miscellaneous
 D - a lightning rod (inert)
Comestibles
 d - 14 rations
 I - 8 chunks of flesh


   Skills:
 + Level 10.5 Fighting
 + Level 9.3 Maces & Flails
 + Level 10.5 Armour
 + Level 10.4 Shields


You had 10 spell levels left.
You didn't know any spells.
Your spell library contained the following spells:

 Spells                   Type           Power        Failure   Level  Hunger
 Irradiate                Conj/Tmut      #.........   100%        5    ######.
 Hydra Form               Tmut           #.........   100%        6    #######
 Dragon Form              Tmut           #.........   100%        7    #######
 Statue Form              Tmut/Erth      Unusable     N/A         6    N/A

Dungeon Overview and Level Annotations

Branches:
Dungeon (14/15)            Temple (0/1) D:5            Lair (0/6) D:8
    Orc (0/2) D:10         Bailey (1/1)
 Vaults: D:13-14

Altars:
Ashenzari
Fedhas
Okawaru
The Shining One

Shops:
D:4 (   D:5 !   D:7 (=

Annotations:
D:9 3 runed translucent doors, Esos's ghost, novice DgIE


Innate Abilities, Weirdness & Mutations

You are resistant to torment.
((Your stone body is resilient. (AC +8)))
You are immune to poison.
You resist negative energy. (rN+)
((You are resistant to electric shocks. (rElec)))
((You can survive without breathing.))
You are immune to petrification.
You are immune to rotting.


Message History

The orc knight is lightly wounded.
The orc warrior closely misses you.
You sock the orc knight!
The orc knight is lightly wounded.
You block the orc knight's attack.
The orc warrior hits you with a +0 spear!
* * * LOW HITPOINT WARNING * * *
You feel much better.
The orc knight hits you with a +0 glaive!
* * * LOW HITPOINT WARNING * * *
You block the orc warrior's attack.
Really quaff the potion of lignification?
You turn into a tree.
Your +0 pair of gloves melds into your body.
Your +0 pair of boots melds into your body.
Your +1 plate armour of magic resistance melds into your body.
You feel less resistant to hostile enchantments.
Your roots penetrate the ground.
The orc knight hits you with a +0 glaive!!!
You die...

#.......#
#.......#
#.......#
#...)...#
#.......#
##..)..##
##'''##
#..)..#
#.o♣..#
#..o..#
#.....#
#.....#
##'''##
#.....#
#.......#
#.......#
#.......#


You could see an orc knight and an orc warrior.

Vanquished Creatures
  Erolcha (D:9)
  A tengu warrior (D:14)
  2 orc knights (Bailey)
  Pikel (D:8)
  Joseph (D:8)
  Psyche (D:8)
  A tengu conjurer (D:14)
  A troll (D:10)
  Grinder (D:6)
  5 hippogriffs
  A wyvern (D:11)
  7 yaks
  A hungry ghost (D:9)
  An eye of draining (D:10)
  8 orc warriors
  2 ice beasts
  2 phantoms
  4 necrophages (D:7)
  A sky beast (D:10)
  6 ogres
  2 centaurs
  3 bullfrogs
  A wyvern skeleton (D:6)
  7 scorpions
  4 wights (D:5)
  A howler monkey (D:7)
  2 electric eels (D:14)
  7 crimson imps
  A bullfrog zombie (D:7)
  5 hounds
  A centaur zombie (D:7)
  4 jellies
  A centaur skeleton (D:7)
  3 orc priests
  4 orc wizards
  Jessica (D:2)
  Natasha (thrice) (D:3)
  4 iguanas
  Ijyb (D:3)
  8 worker ants
  4 hound skeletons
  A howler monkey skeleton (D:4)
  A worker ant zombie (D:7)
  16 adders
  10 gnolls
  5 shadow imps
  An adder zombie (D:7)
  An adder skeleton (D:7)
  2 dart slugs
  8 leopard geckos
  51 orcs
  A ball python (D:1)
  6 giant cockroaches
  11 goblins
  6 hobgoblins
  9 jackals
  10 kobolds
  6 quokkas
  8 bats
  4 frilled lizards
  A goblin skeleton (D:4)
  2 goblin zombies (D:4)
  4 hobgoblin zombies (D:4)
  A kobold skeleton (D:4)
  A kobold zombie (D:4)
  An orc skeleton (D:4)
  11 rats
  A bush (D:7)
294 creatures vanquished.

Vanquished Creatures (others)
  10 plants (D:7)
10 creatures vanquished.

Grand Total: 304 creatures vanquished

Notes
Turn   | Place    | Note
-------+----------+-------------------------------------------
     0 | D:1      | Iamsoldier the Gargoyle Fighter began the quest for the
                  | Orb.
     0 | D:1      | Reached XP level 1. HP: 14/14 MP: 1/1
   477 | D:1      | Reached XP level 2. HP: 19/19 MP: 2/2
   729 | D:1      | Reached XP level 3. HP: 23/23 MP: 3/3
  1278 | D:2      | Noticed Jessica
  1314 | D:2      | Killed Jessica
  1314 | D:2      | Reached XP level 4. HP: 20/29 MP: 4/4
  1765 | D:2      | Reached XP level 5. HP: 26/33 MP: 5/5
  2506 | D:3      | Found a shattered altar of Ashenzari.
  2636 | D:3      | Noticed Natasha
  2650 | D:3      | Reached XP level 6. HP: 27/39 MP: 6/6
  2653 | D:3      | Killed Natasha
  3340 | D:3      | Noticed Natasha
  3349 | D:3      | Killed Natasha
  3349 | D:3      | Noticed Ijyb
  3395 | D:3      | Killed Ijyb
  3546 | D:3      | Noticed Natasha
  3568 | D:3      | Killed Natasha
  3568 | D:3      | Reached skill level 5 in Fighting
  3935 | D:4      | Reached skill level 5 in Armour
  3935 | D:4      | Reached skill level 5 in Shields
  3957 | D:4      | Reached XP level 7. HP: 42/44 MP: 7/7
  4240 | D:4      | Found a glowing golden altar of the Shining One.
  4383 | D:4      | Found Pocol's Weapon Shoppe.
  5113 | D:5      | Entered Level 5 of the Dungeon
  5156 | D:5      | Found an iron altar of Okawaru.
  5164 | D:5      | Became a worshipper of Warmaster Okawaru
  5232 | D:5      | Reached XP level 8. HP: 51/51 MP: 8/8
  5359 | D:5      | Found Maocrate's Distillery.
  5399 | D:5      | Reached skill level 5 in Maces & Flails
  5582 | D:5      | Reached * piety under Okawaru
  5803 | D:5      | Found a staircase to the Ecumenical Temple.
  6027 | D:6      | Noticed Grinder
  6033 | D:6      | Killed Grinder
  6263 | D:6      | Reached XP level 9. HP: 55/57 MP: 9/9
  6478 | D:7      | Found Zisacenk's Jewellery Shoppe.
  6514 | D:6      | Reached ** piety under Okawaru
  6716 | D:7      | Found Liwet's Antique Weapon Shop.
  7058 | D:7      | Reached *** piety under Okawaru
  7175 | D:7      | Found a blossoming altar of Fedhas.
  7592 | D:7      | Got a heavily runed tin ring
  7812 | D:7      | Reached XP level 10. HP: 64/64 MP: 10/10
  8256 | D:8      | Found a staircase to the Lair.
  8288 | D:8      | Noticed Joseph
  8319 | D:8      | Killed Joseph
  8319 | D:8      | Reached **** piety under Okawaru
  8332 | D:8      | Noticed Pikel
  8373 | D:8      | Killed Pikel
  8780 | D:8      | Noticed Psyche
  8863 | D:8      | Killed Psyche
  9212 | D:9      | Noticed Erolcha
  9217 | D:9      | Found a runed translucent gate.
  9217 | D:9      | Found a runed translucent gate.
  9217 | D:9      | Found a runed translucent gate.
  9219 | D:9      | Noticed Esos's ghost (novice DgIE)
  9219 | D:9      | Noticed Esos's ghost (novice DgIE)
  9242 | D:9      | Killed Erolcha
  9242 | D:9      | Reached ***** piety under Okawaru
  9624 | D:9      | Reached XP level 11. HP: 60/72 MP: 11/11
 10036 | D:10     | Entered Level 10 of the Dungeon
 10294 | D:10     | Found a staircase to the Orcish Mines.
 10399 | D:10     | Reached skill level 10 in Fighting
 11074 | D:11     | Reached skill level 10 in Armour
 11080 | D:11     | Reached skill level 10 in Shields
 11203 | D:11     | You fall into a shaft and drop 3 floors!
 11228 | D:14     | Noticed a tengu warrior
 11254 | D:14     | Killed a tengu warrior
 11254 | D:14     | Received a gift from Okawaru
 11350 | D:14     | Found a flagged portal.
 11372 | Bailey   | Entered a bailey
 11886 | Bailey   | Identified the ring "Mojayl" {Ice MR+ Str-3 Int+7} (You
                  | found it on level 7 of the Dungeon)
 11895 | Bailey   | Noticed an orc knight
 11959 | Bailey   | Killed an orc knight
 11966 | Bailey   | Noticed an orc knight
 11983 | Bailey   | Noticed an orc knight
 11986 | Bailey   | Killed an orc knight
 11996 | Bailey   | Mangled by an orc knight

Levels and vault maps discovered:
D:1:      dpeg_arrival_court, layout_basic
D:2:      layout_loops_corners, uniq_jessica
D:3:      layout_rooms, first_ration, cheibrodos_ashenzari_chains, uniq_ijyb,
          uniq_natasha
D:4:      layout_loops_corners, serial_shops, kennysheep_mini,
          chequers_serial_rivers_room_b, nicolae_tso_besieged_by_evil
D:5:      layout_rooms, minmay_temple_entry_from_below_a, serial_shops,
          shop_fountains, basic_altar
D:6:      layout_gridville, uniq_grinder
D:7:      layout_rooms, fedhas_altar_decomposition, serial_shops, shop,
          nicolae_shop_stone, minmay_checkerbox
D:8:      layout_cave_pods, lair_entry_dummy, kennysheep_generic_room_7,
          uniq_pikel, uniq_psyche, uniq_joseph
D:9:      layout_long_grid, gammafunk_ghost_cemetery, uniq_erolcha
D:10:     layout_stronghold, orc_0_dummy
D:11:     layout_layer_cave, gammafunk_ghost_necromancy
D:14:     layout_roguey, enter_bailey_3, kennysheep_boxes, hangedman_ranch
          [blue_anna_fruit_fields], uniq_nessos, uniq_kirke
Bailey:   bailey_polearm_5, bailey

Skill      XL: |  1  2  3  4  5  6  7  8  9 10 11 |
---------------+----------------------------------+-----
Fighting       | 4 5 7 8 9 10 | 10.5
Shields        | 4 5 6 8 9 10 | 10.4
Armour         | 4 5 6 8 9 10 | 10.5
Maces & Flails | 3 4 5 7 8 9 |  9.3

Action                   |  1- 3 |  4- 6 |  7- 9 | 10-12 || total
-------------------------+-------+-------+-------+-------++-------
Melee: Flail             |   134 |   309 |   629 |   136 ||  1208
       Whip              |       |       |       |   426 ||   426
       Morningstar       |       |       |       |   109 ||   109
Evoke: Wand              |       |       |     8 |    11 ||    19
       Lightning rod     |       |       |       |     6 ||     6
  Use: Scroll            |       |     3 |       |    12 ||    15
       Potion            |       |     1 |       |     5 ||     6
  Eat: Chunk             |     2 |     8 |    13 |    18 ||    41
       Ration            |       |       |       |     1 ||     1
Armor: Scale mail        |    88 |   147 |       |       ||   235
       Chain mail        |       |    98 |   336 |       ||   434
       Plate armour      |       |       |    87 |   369 ||   456
Dodge: Dodged            |    54 |   123 |   170 |   147 ||   494
Block: Shield            |    79 |   220 |   403 |   381 ||  1083
